 Dungeon Crawl Stone Soup version 0.27.1 (webtiles) character file.

Game seed: 17163150875170342915

1855617 ABBCCCDDDD the Royal Jelly (level 27, 224/224 HPs)
             Began as a Gnoll Fighter on Aug 19, 2021.
             Was the Champion of Jiyva.
             Escaped with the Orb
             ... and 4 runes on Aug 24, 2021!
             The game lasted 05:22:24 (112652 turns).

ABBCCCDDDD the Royal Jelly (Gnoll Fighter)        Turns: 112652, Time: 05:22:25

Health: 224/224    AC: 33    Str: 25    XL:     27
Magic:  46/46      EV: 19    Int: 27    God:    Jiyva [******]
Gold:   4246       SH: 37    Dex: 21    Spells: 20/64 levels left

rFire    + + +     SeeInvis +   L - +7 broad axe (freeze)
rCold    + + .     Faith    .   s - +8 tower shield {AC+3}
rNeg     + . .     Spirit   .   h - +10 plate armour {rF+}
rPois    +         Reflect  +   o - -2 hat of the Alchemist {rElec rPois rF+ rC+ rN+ Will+ rMut rCorr}
rElec    +         Harm     .   n - scarf {rC+ rF+}
rCorr    +         Rampage  .   D - +2 pair of gloves {Str+3}
rMut     +                      a - +2 pair of boots {Fly}
Will     ++++.                  y - amulet of Voeck {Reflect rCorr Str+7 Int+6 SH+5}
Stlth    +.........             U - ring of Ascent {Will+ rCorr Str+4 Int+3}
HPRegen  0.47/turn              B - ring of see invisible
MPRegen  0.30/turn

@: flying
A: fangs 1, strong nose, distributed training, horns 1, agile 1, clever 1, fire
resistance 1, weak 1, acidic bite, gelatinous body 1, pseudopods 1, jelly
sensing items
0: Orb of Zot
}: 4/15 runes: serpentine, barnacled, slimy, silver
a: Renounce Religion, Request Jelly, Slimify, Cure Bad Mutation


You escaped.
You worshipped Jiyva.
Jiyva was exalted by your worship.
You visited 13 branches of the dungeon, and saw 57 of its levels.
You also visited: Ice Cave.

You collected 10284 gold pieces.
You spent 6038 gold pieces at shops.

Inventory:

Hand Weapons
 i - a +0 eveningstar of protection
 L - a +7 broad axe of freezing (weapon)
Missiles
 k - 8 curare-tipped darts
 q - 17 silver javelins (quivered)
Armour
 a - a +2 pair of boots of flying (worn)
 h - a +10 plate armour of fire resistance (worn)
 n - a scarf of resistance (worn)
 o - the -2 hat of the Alchemist (worn) {rElec rPois rF+ rC+ rN+ Will+ rMut rCorr}
   (You bought it in a shop on level 9 of the Dungeon)

   rF:        It protects you from fire.
   rC:        It protects you from cold.
   rElec:     It insulates you from electricity.
   rPois:     It protects you from poison.
   rN:        It protects you from negative energy.
   rCorr:     It protects you from acid and corrosion.
   rMut:      It protects you from mutation.
   Will:      It increases your willpower.
 s - a +8 tower shield of protection (worn)
 D - a +2 pair of gloves of strength (worn)
 H - the +4 scale mail of Qicel {rF+ Regen+}
   (You found it on level 3 of the Shoals)

   rF:        It protects you from fire.
   Regen:     It increases your rate of health regeneration.
 N - the +1 cloak of Free Expression {Will+ Str+2 SInv}
   (You found it on level 5 of the Vaults)

   Str:       It affects your strength (+2).
   SInv:      It lets you see invisible.
   Will:      It increases your willpower.
Jewellery
 g - the macabre finger necklace {rN+}
   (You took it off a deep elf elementalist on level 3 of the Elven Halls)

   [amulet of nothing]

   It enables you to equip an extra ring.
   rN:        It protects you from negative energy.
 r - a +4 ring of protection
 w - a ring "Pycige" {rC++ rCorr Str-2 Dex+6 SInv}
   (You found it on level 4 of the Vaults)

   [ring of dexterity]

   Str:       It affects your strength (-2).
   Dex:       It affects your dexterity (+6).
   rC:        It greatly protects you from cold.
   SInv:      It lets you see invisible.
   rCorr:     It protects you from acid and corrosion.
 y - the amulet of Voeck (around neck) {Reflect rCorr Str+7 Int+6 SH+5}
   (You found it on level 5 of the Vaults)

   [amulet of reflection]

   It reflects blocked missile attacks.
   Str:       It affects your strength (+7).
   Int:       It affects your intelligence (+6).
   rCorr:     It protects you from acid and corrosion.
   SH:        It affects your SH (+5).
 A - a +4 ring of slaying
 B - a ring of see invisible (right hand)
 G - a ring of flight
 U - the ring of Ascent (left hand) {Will+ rCorr Str+4 Int+3}
   (You took it off a deep elf annihilator on level 3 of the Elven Halls)

   [ring of willpower]

   Str:       It affects your strength (+4).
   Int:       It affects your intelligence (+3).
   rCorr:     It protects you from acid and corrosion.
   Will:      It increases your willpower.
Wands
 b - a wand of iceblast (14)
 p - a wand of digging (25)
 I - a wand of paralysis (9)
Scrolls
 e - 15 scrolls of teleportation
 j - 3 scrolls of holy word
 m - 3 scrolls of fear
 u - 3 scrolls of blinking
 C - a scroll of silence
 R - 5 scrolls of fog
 S - 7 scrolls of immolation
 T - 3 scrolls of amnesia
 V - 2 scrolls of brand weapon
 Y - 8 scrolls of magic mapping
 Z - 15 scrolls of identify
Potions
 d - 2 potions of might
 t - 2 potions of haste
 v - 2 potions of heal wounds
 x - 17 potions of curing
 z - 8 potions of mutation
 E - 11 potions of brilliance
 F - 3 potions of attraction
 K - 8 potions of magic
 M - 4 potions of lignification
 O - 4 potions of ambrosia
 Q - 3 potions of cancellation
 X - a potion of resistance
Miscellaneous
 c - a phial of floods
 l - a condenser vane
 J - the horn of Geryon
 P - a box of beasts
 W - a phantom mirror


   Skills:
 + Level 19.9 Fighting
 + Level 19.2 Short Blades
 + Level 19.2 Long Blades
 + Level 19.5 Axes
 + Level 19.2 Maces & Flails
 + Level 19.2 Polearms
 + Level 19.2 Staves
 + Level 19.2 Slings
 + Level 19.2 Bows
 + Level 19.2 Crossbows
 + Level 19.2 Throwing
 + Level 19.9 Armour
 + Level 19.2 Dodging
 + Level 19.2 Stealth
 + Level 19.9 Shields
 + Level 19.2 Unarmed Combat
 + Level 19.2 Spellcasting
 + Level 16.5 Conjurations
 + Level 16.5 Hexes
 + Level 16.5 Summonings
 + Level 16.5 Necromancy
 + Level 16.5 Translocations
 + Level 16.5 Transmutations
 + Level 16.5 Fire Magic
 + Level 16.5 Ice Magic
 + Level 16.5 Air Magic
 + Level 16.5 Earth Magic
 + Level 16.5 Poison Magic
 + Level 20.6 Invocations
 + Level 19.2 Evocations


You had 20 spell levels left.
You knew the following spells:

 Your Spells              Type           Power      Damage    Failure   Level
a - Frozen Ramparts       Ice            100%       1d12      1%          3
b - Iron Shot             Conj/Erth      43%        9d8       3%          6
c - Irradiate             Conj/Tmut      43%        3d27      1%          5
d - Passage of Golubria   Tloc           N/A        N/A       1%          4
e - Freezing Cloud        Conj/Ice/Air   43%        6-21      1%          5
f - Yara's Violent Unrav  Hex/Tmut       43%        3d17      1%          5
g - Bolt of Magma         Conj/Fire/Erth 43%        4d18      1%          5
h - Summon Mana Viper     Hex/Summ       86%        N/A       1%          5
i - Dispersal             Tloc           43%        N/A       3%          6

Your spell library contained the following spells:

 Spells                   Type           Power      Damage    Failure   Level
 Animate Skeleton         Necr           100%       N/A       1%          1
 Apportation              Tloc           100%       N/A       1%          1
 Beastly Appendage        Tmut           100%       N/A       1%          1
 Corona                   Hex            95%        N/A       1%          1
 Foxfire                  Conj/Fire      100%       2x1d9     1%          1
 Magic Dart               Conj           100%       1d8       1%          1
 Sting                    Tmut/Pois      100%       1d8       1%          1
 Summon Small Mammal      Summ           100%       N/A       1%          1
 Blink                    Tloc           N/A        N/A       1%          2
 Call Imp                 Summ           86%        N/A       1%          2
 Corpse Rot               Necr/Air       N/A        N/A       1%          2
 Poisonous Vapours        Pois/Air       100%       N/A       1%          2
 Searing Ray              Conj           100%       3d7       1%          2
 Sublimation of Blood     Necr           43%        N/A       1%          2
 Wereblood                Tmut           86%        N/A       1%          2
 Call Canine Familiar     Summ           86%        N/A       1%          3
 Conjure Flame            Conj/Fire      86%        6-21      1%          3
 Dazzling Flash           Conj/Hex       100%       N/A       1%          3
 Gell's Gravitas          Tloc           43%        N/A       1%          3
 Ignite Poison            Fire/Tmut/Pois 86%        N/A       1%          3
 Inner Flame              Hex/Fire       86%        N/A       1%          3
 Lesser Beckoning         Tloc           43%        N/A       1%          3
 Mephitic Cloud           Conj/Pois/Air  86%        N/A       1%          3
 Portal Projectile        Hex/Tloc       100%       N/A       1%          3
 Spider Form              Tmut/Pois      43%        N/A       1%          3
 Stone Arrow              Conj/Erth      100%       3d13      1%          3
 Teleport Other           Tloc           86%        N/A       1%          3
 Tukima's Dance           Hex            86%        N/A       1%          3
 Airstrike                Air            43%        N/A       1%          4
 Animate Armour           Summ/Erth      100%       N/A       1%          4
 Cause Fear               Hex            43%        N/A       1%          4
 Fulminant Prism          Conj/Hex       43%        3d20      1%          4
 Ice Form                 Ice/Tmut       86%        N/A       1%          4
 Leda's Liquefaction      Hex/Erth       43%        N/A       1%          4
 Olgreb's Toxic Radiance  Pois           86%        N/A       1%          4
 Petrify                  Tmut/Erth      86%        N/A       1%          4
 Sticky Flame             Conj/Fire      86%        2d10      1%          4
 Summon Ice Beast         Ice/Summ       86%        N/A       1%          4
 Summon Lightning Spire   Summ/Air       86%        N/A       1%          4
 Alistair's Intoxication  Tmut/Pois      57%        N/A       1%          5
 Blade Hands              Tmut           43%        N/A       1%          5
 Lee's Rapid Deconstruct  Erth           43%        3d22*     1%          5
 Lightning Bolt           Conj/Air       43%        1d62      1%          5
 Manifold Assault         Tloc           86%        N/A       1%          5
 Silence                  Hex/Air        43%        N/A       1%          5
 Summon Forest            Summ/Tloc      43%        N/A       1%          5
 Eringya's Noxious Bog    Tmut/Pois      43%        N/A       3%          6
 Invisibility             Hex            43%        N/A       3%          6
 Shadow Creatures         Summ           N/A        N/A       3%          6
 Dragon Form              Tmut           43%        N/A       16%         7
 Monstrous Menagerie      Summ           43%        N/A       16%         7
 Storm Form               Tmut/Air       43%        N/A       16%         7
 Summon Hydra             Summ           43%        N/A       16%         7
 Borgnjor's Revivificati  Necr           43%        N/A       77%         8
 Discord                  Hex            43%        N/A       77%         8
 Ignition                 Fire           43%        3d12      77%         8
 Lehudib's Crystal Spear  Conj/Erth      43%        10d10     77%         8
 Necromutation            Tmut/Necr      43%        N/A       77%         8
 Summon Horrible Things   Summ           43%        N/A       77%         8
 Death's Door             Necr           43%        N/A       100%        9
 Dragon's Call            Summ           43%        N/A       100%        9
 Shatter                  Erth           43%        3d33*     100%        9


Dungeon Overview and Level Annotations

Branches:
Dungeon (15/15)            Temple (1/1) D:5            Lair (6/6) D:8
 Shoals (4/4) Lair:3        Snake (4/4) Lair:3        Slime (5/5) Lair:6
    Orc (2/2) D:10            Elf (3/3) Orc:2        Vaults (5/5) D:13
  Crypt (1/3) Vaults:2     Depths (5/5) D:15           Hell (visited)
    Dis (0/7) Hell            Geh (0/7) Hell            Coc (0/7) Hell
    Tar (0/7) Hell            Zot (5/5) Depths:5      IceCv (visited)

Altars:
Ashenzari
Cheibriados
Dithmenos
Elyvilon
Fedhas
Gozag
Hepliaklqana
Kikubaaqudgha
Makhleb
Nemelex Xobeh
Okawaru
Qazlal
Ru
Sif Muna
Trog
Uskayaw
Vehumet
Wu Jian
Xom
Yredelemnul
Zin
The Shining One
Beogh
Jiyva

Shops:
D:3 ?   D:9 [   Orc:1 *   Orc:2 (**:   Elf:1 [?((   Elf:2 (   Elf:3 *
Shoals:2 *   Snake:1 *   Snake:3 =*   Vaults:1 !   Vaults:3 !   Vaults:4 (?*(?
Depths:2 !

Portals:
Hell: Depths:1 Depths:2 Depths:3 Depths:4 Depths:5
Abyss: Zot:3 Depths:4
Pandemonium: Depths:1 Depths:2 Depths:3
Ziggurat: Depths:1

Annotations:
D:14 exclusion: 2 downstairs
Snake:1 exclusion: downstairs
Slime:5 Royal Jelly
Elf:2 exclusion: 2 downstairs
Vaults:4 Boris
Crypt:1 Khufu
Zot:3 2 transporters, Beclu's ghost, legendary GnSk


Innate Abilities, Weirdness & Mutations

You have very sharp teeth.
Your uncanny sense of smell can sniff out nearby items.
Your experience applies equally to all skills.
You have a pair of small horns on your head.
You are agile. (Dex +2)
Your mind is acute. (Int +2)
Your flesh is heat resistant. (rF+)
You are weak. (Str -2)
You have acidic saliva.
Your rubbery body absorbs attacks. (AC +1, EV +1)
Armour fits poorly on your pseudopods.
You have a small jelly attached to you that senses nearby items.


Message History

The hell hound is severely wounded.
You block the hell hound's attack.
You hit the hell hound but do no damage.
You headbutt the hell hound.
You bludgeon the hell hound, but do no damage.
The hell hound is almost dead.
You block the hell hound's attack. The hell hound breathes flames at you.
The blast of flame hits you. You resist.
You slash the hell hound! You freeze the hell hound.
You kill the hell hound!
You slash the hell hound! You freeze the hell hound.
The hell hound is severely wounded.
The hell hound breathes flames at you.
The blast of flame hits you but does no damage.
You block the hell hound's attack.
You slice the hell hound!! You freeze the hell hound.
You kill the hell hound!
HP restored.
You fly upwards.
There is a stone staircase leading down here.
You see here 20 stones.
Jiyva's power touches on your attributes.
You feel stronger.
You feel stupid.
Jiyva says: Divide and consume!
You hear a distant slurping noise.
You hear a distant slurping noise.
You hear a squelching noise.
You hear a distant slurping noise.
You hear a distant slurping noise.
You hear a distant slurping noise.
You hear a distant slurping noise.
Jiyva appreciates your sacrifice.
Jiyva's power touches on your attributes.
You feel agile.
You feel weaker.
There is an empty arch of ancient stone here.
You hear a series of splatters.
There is a staircase leading out of the dungeon here.
You have escaped!

#........##.#
#########.##
#####...[....##.#
#..........#
#...'........'..#
#.##########
##.###........####
#.#
.....[.......>#
#.#
##'###........#
#.#
..............#
#.#
.......###########
#.# .......# ##@##
#.# .......#
###.6.###.#
.......#
#...≈...#.#
.......#
#.⌠.≈.⌠3#.#
...###.#
#...≈...#†# ...#
#.# #.♣.≈.♣.#.##
...# #.#
#...≈...#..# .#.#
#.# #.⌠.≈.⌠.##.#
.#.# #.#
#...≈...##.#


You could see a sun demon (wandering) and an infernal demonspawn.

Levels and vault maps discovered:
D:1:      mainiacjoe_arrival_reflecting_pool, layout_basic,
          kennysheep_nondescript
D:2:      layout_basic, hellmonk_ecumenical_altar_blasted, uniq_robin
D:3:      layout_rooms, grunt_temple_overflow_opulence, serial_shops,
          shop_scrolls, skrybe_limestone_x, grunt_ministairs_4
D:4:      layout_loops_corners, nrook_loot_triangle, nzn_random_ring
D:5:      kennysheep_six_static_rooms, layout_loops_corners,
          minmay_temple_entry_ruins, uniq_edmund, uniq_blork_the_orc
D:6:      layout_loops_corners, cheibrodos_worm_habitat, serial_undead,
          serial_undead_e, serial_undead_a, serial_undead_c, serial_undead_a,
          kennysheep_diamond, roderic_roman_lattice, minmay_bent, uniq_grinder,
          uniq_duvessa
D:7:      layout_loops_ring, amcnicky_altar_gilded,
          mainiacjoe_overflow_alcove_4, lemuel_blue_sif_altar, uniq_maggie
D:8:      layout_basic, nicolae_ru_great_annihilating_truth, david_lair_shrubbed
D:9:      layout_rooms, mainiacjoe_overflow_small_starburst,
          mainiacjoe_overflow_catwalk, serial_shops, kennysheep_mini,
          serial_park_tiny_1, st_stairs_5
D:10:     cheibrodos_elevator_heist, layout_stronghold,
          okawaru_metal_pillars_1_2, corexii_hall_statues_l
D:11:     layout_grid_maze, chequers_serial_rivers_micro_e, uniq_erica,
          uniq_maurice
D:12:     cheibrodos_magma_flow, layout_small_grid, uniq_josephine, uniq_frances
D:13:     hangedman_cross_stitches, layout_loops_ring,
          skrybe_vaults_entry_preservation
D:14:     layout_stronghold, uniq_nessos
D:15:     gammafunk_enter_depths_forms, layout_gridville, serial_bayou_shore_b,
          minmay_misc_feat_square, hellmonk_guarded_unrand_night, uniq_jorgrun
Temple:   minmay_temple_forest_path
Lair:1:   layout_chaotic_city, portal_ice_cave_demonic_guard,
          grunt_megastairs_4, infiniplex_staircase_pool, uniq_harold
Lair:2:   layout_gridlike, serial_forest, infiniplex_forest_end_3,
          infiniplex_forest_end_2, infiniplex_forest_lined_corner,
          infiniplex_forest_clump_cross, infiniplex_forest_straight_3,
          infiniplex_forest_lined_room_3, lemuel_fruit_fields
Lair:3:   layout_gridlike, minmay_shoals_entry_centaurs,
          guppyfry_snake_entry_garden, special_room [special_room_bee],
          uniq_snorg
Lair:4:   cheibrodos_lair_overgrown_chateau, layout_layer_cave,
          lightli_volcano_entry_magma_tube, beast_lair_carwin_5,
          minmay_lair_oklob_chamber
Lair:5:   layout_cave_shapes, lookout_lair_type
Lair:6:   cheibrodos_lair_end_hotspot, layout_small_grid, slime_dummy, uniq_urug
Shoals:1: layout_shoals, hangedman_feature_mirror
Shoals:2: layout_shoals, nicolae_island_escapes
Shoals:3: layout_shoals, nicolae_shoals_cliffside_cave,
          nicolae_shoals_kraken_party, uniq_donald, uniq_polyphemus,
          uniq_ilsuiw, uniq_kirke, uniq_louise
Shoals:4: shoals_end_simple, layout_shoals
Snake:1:  layout_onion, ebering_ghost_disaster_area, st_stairs_11,
          nicolae_shop_gadgets
Snake:2:  layout_misc_corridors, ebering_ghost_gozag, uniq_agnes, uniq_vashnia
Snake:3:  layout_gridlike, hangedman_feature_mirror, minmay_shoptagon,
          grunt_megastairs_2, uniq_aizul
Snake:4:  grunt_snake_rune_serpentine_throne, layout_basic
Slime:1:  layout_caves
Slime:2:  layout_caves
Slime:3:  layout_caves
Slime:4:  layout_caves
Slime:5
Orc:1:    gammafunk_beogh_shrine, layout_caves, minmay_shop_mass, uniq_erolcha
Orc:2:    st_orc_rangers, layout_caves
Elf:1:    nicolae_elf_arrival_no_cutting_in_line, layout_gridlike, serial_shops,
          nicolae_shop_statue_plus, shop, nicolae_shop_crystal, shop,
          minmay_elf_sorcery, solitary_fountain
Elf:2:    elven_hall_of_blades_hangedman_original [nicolae_blade_bullseye],
          layout_onion_city, minivault_23, minmay_shop_grid_forest,
          uniq_asterion
Elf:3:    grunt_elf_hall_diamonds, layout_onion_city, guppyfry_elf_lava
Vaults:1: v_misc_14, hangedman_vaults_variations, nicolae_vaults_alarming,
          grunt_vaults_swirl, nicolae_vaults_murderbox,
          nicolae_vaults_diagonal_hallway_6, hangedman_vaults_slither,
          v_rooms_2, vaults_standard_mumra_lines, v_misc_16, vaults_room_pools,
          vaults_room_large_hall, layout_vaults_omnicross, serial_shops, shop
Vaults:2: hangedman_vaults_corner_blocks, minmay_crypt_entry_vampire_xt,
          nicolae_vaults_back_hallway, grunt_vaults_funnel,
          vaults_room_fancy_cross, v_misc_9, nicolae_vaults_little_squares_2,
          vaults_mumra_minichess, nicolae_vaults_network_s, v_misc_15,
          nicolae_vaults_little_squares_3, layout_vaults_chaotic_city, uniq_mara
Vaults:3: hangedman_vaults_corner, vaults_room_door_hall, grunt_vaults_bifocal,
          vaults_dpeg_ring, nicolae_vaults_inception_scallops,
          nicolae_vaults_halls_meeting, v_misc_33, v_misc_2,
          hangedman_vaults_impose, v_misc_11, v_misc_22, grunt_vaults_trifunnel,
          v_misc_14, layout_vaults_omnibox, serial_shops,
          nicolae_shop_statue_plus, uniq_margery, uniq_bai_suzhen
Vaults:4: ontoclasm_vaults_ring_square, gammafunk_dig_for_victory,
          vaults_room_fours, ontoclasm_vaults_ring_small,
          ontoclasm_vaults_decontamination, nicolae_vaults_triangles,
          hangedman_vaults_maws, v_misc_12, hangedman_vaults_slice,
          layout_vaults_omnigrid, serial_shops, shop, shop,
          nicolae_shop_crystal, shop, shop, uniq_mennas, uniq_boris
Vaults:5
Crypt:1:  layout_misc_corridors, grunt_crypt_arrival_split, uniq_khufu
Depths:1: layout_gridville, enter_ziggurat_f, rand_demon_pan_entry_9,
          amcnicky_mini_pool_small, hell_entry, minmay_st_funbox,
          serial_sigils_hangedman_shear, minmay_the_grid_square_5x5_3x3_mashed
          [minmay_the_grid_square_5x5_fancy_junction,
          minmay_the_grid_square_5x5_trominoes,
          minmay_the_grid_square_5x5_three_small,
          minmay_the_grid_square_5x5_longway,
          minmay_the_grid_square_5x5_megaprize_open,
          minmay_the_grid_square_5x5_v, minmay_the_grid_square_5x5_tri_point,
          minmay_the_grid_square_5x5_moneybag,
          minmay_the_grid_square_5x5_minibox], uniq_sojobo
Depths:2: cheibrodos_lost_city_excavation, layout_basic, serial_shops, shop,
          serial_corexii_hall, chequers_hall_statues_corner_a,
          chequers_hall_statues_y, rand_demon_pan_entry_1, hell_entry,
          serial_bayou_shore_a, infiniplex_staircase_zigzag_5, uniq_nikola
Depths:3: box_level_dp, serial_shops, hell_entry, pan_entry
Depths:4: minmay_triangles_in_corner, layout_basic, hell_entry, abyss_entry,
          minmay_misc_feat_room, kennysheep_generic_room_3,
          infiniplex_staircase_x
Depths:5: evilmike_zot_entry_hall, layout_gridlike, hell_entry,
          roderic_serpentine_path, serial_bayou_ford_a, serial_bayou_shore_b
Hell
Zot:1:    layout_onion, zot_minivault_1, grunt_megastairs_5
Zot:2:    minmay_elemental_castle, layout_misc_corridors,
          nicolae_zot_crop_circle
Zot:3:    layout_gridlike, gammafunk_ghost_abyssal_escape
Zot:4:    layout_misc_corridors
Zot:5:    layout_gridlike, st_stairs_6

Notes
Turn   | Place    | Note
-------+----------+-------------------------------------------
     0 | D:1      | ABBCCCDDDD the Gnoll Fighter began the quest for the Orb.
     0 | D:1      | Reached XP level 1. HP: 23/23 MP: 1/1
   192 | D:1      | Reached XP level 2. HP: 29/29 MP: 2/2
   752 | D:1      | Reached XP level 3. HP: 35/35 MP: 3/3
  1034 | D:2      | Reached skill level 1 in Invocations
  1109 | D:2      | Found a faded altar of an unknown god.
  1211 | D:2      | Reached skill level 1 in Short Blades
  1211 | D:2      | Reached skill level 1 in Long Blades
  1211 | D:2      | Reached skill level 1 in Maces & Flails
  1211 | D:2      | Reached skill level 1 in Polearms
  1211 | D:2      | Reached skill level 1 in Staves
  1211 | D:2      | Reached skill level 1 in Slings
  1211 | D:2      | Reached skill level 1 in Bows
  1211 | D:2      | Reached skill level 1 in Crossbows
  1211 | D:2      | Reached skill level 1 in Throwing
  1211 | D:2      | Reached skill level 1 in Dodging
  1211 | D:2      | Reached skill level 1 in Stealth
  1211 | D:2      | Reached skill level 1 in Unarmed Combat
  1211 | D:2      | Reached skill level 1 in Spellcasting
  1211 | D:2      | Reached skill level 1 in Evocations
  1218 | D:2      | Noticed Robin
  1232 | D:2      | Killed Robin
  1233 | D:2      | Reached XP level 4. HP: 22/41 MP: 5/5
  1829 | D:3      | Noticed an ogre
  1833 | D:3      | Reached skill level 1 in Conjurations
  1833 | D:3      | Reached skill level 1 in Hexes
  1833 | D:3      | Reached skill level 1 in Summonings
  1833 | D:3      | Reached skill level 1 in Necromancy
  1833 | D:3      | Reached skill level 1 in Translocations
  1833 | D:3      | Reached skill level 1 in Transmutations
  1833 | D:3      | Reached skill level 1 in Fire Magic
  1833 | D:3      | Reached skill level 1 in Ice Magic
  1833 | D:3      | Reached skill level 1 in Air Magic
  1833 | D:3      | Reached skill level 1 in Earth Magic
  1833 | D:3      | Reached skill level 1 in Poison Magic
  2414 | D:3      | Found Zyastrekh's Magic Scroll Shoppe.
  2511 | D:3      | Reached XP level 5. HP: 43/47 MP: 6/6
  2731 | D:3      | Killed an ogre
  2836 | D:3      | Found a sparkling altar of Nemelex Xobeh.
  2837 | D:3      | Found an opulent altar of Gozag.
  2979 | D:4      | Noticed an ogre
  2985 | D:4      | Killed an ogre
  2986 | D:4      | Reached skill level 2 in Invocations
  2986 | D:4      | Reached XP level 6. HP: 50/53 MP: 8/8
  3179 | D:4      | Noticed a necrophage
  3189 | D:4      | Killed a necrophage
  3190 | D:4      | Reached skill level 5 in Axes
  3403 | D:4      | Reached XP level 7. HP: 26/59 MP: 10/10
  4797 | D:5      | Entered Level 5 of the Dungeon
  4842 | D:5      | Reached skill level 3 in Invocations
  5051 | D:5      | Reached XP level 8. HP: 58/67 MP: 12/12
  5429 | D:5      | Found a staircase to the Ecumenical Temple.
  5439 | Temple   | Entered the Ecumenical Temple
  5830 | Temple   | Became a worshipper of the Shining One
  5887 | D:5      | Noticed Blork the orc
  5905 | D:5      | Killed Blork the orc
  5933 | D:5      | Noticed Edmund
  5956 | D:5      | Killed Edmund
  6948 | D:6      | Reached skill level 4 in Invocations
  6967 | D:6      | Identified the +2 leather armour of Narcissism {Fly Will+
                  | Str-5 Dex+2}
  7338 | D:6      | Found a snail-covered altar of Cheibriados.
  7444 | D:6      | Reached XP level 9. HP: 72/72 MP: 14/14
  7479 | D:6      | Reached * piety under the Shining One
  7947 | D:6      | Noticed Grinder
  7971 | D:6      | Killed Grinder
  8192 | D:6      | Noticed Duvessa
  8193 | D:6      | Noticed Dowan
  8206 | D:6      | Killed Duvessa
  8221 | D:6      | Killed Dowan
  8597 | D:6      | Reached skill level 5 in Invocations
  9139 | D:7      | Reached ** piety under the Shining One
  9206 | D:7      | Reached XP level 10. HP: 80/80 MP: 17/17
  9308 | D:7      | Found an ornate altar of the Wu Jian Council.
  9409 | D:7      | Noticed Maggie
  9466 | D:8      | Noticed a two-headed ogre
  9516 | D:8      | Found a staircase to the Lair.
  9561 | D:8      | Found a sacrificial altar of Ru.
  9743 | D:8      | Reached skill level 5 in Short Blades
  9743 | D:8      | Reached skill level 5 in Long Blades
  9743 | D:8      | Reached skill level 5 in Maces & Flails
  9743 | D:8      | Reached skill level 5 in Polearms
  9743 | D:8      | Reached skill level 5 in Staves
  9743 | D:8      | Reached skill level 5 in Slings
  9743 | D:8      | Reached skill level 5 in Bows
  9743 | D:8      | Reached skill level 5 in Crossbows
  9743 | D:8      | Reached skill level 5 in Throwing
  9743 | D:8      | Reached skill level 5 in Dodging
  9743 | D:8      | Reached skill level 5 in Stealth
  9743 | D:8      | Reached skill level 5 in Unarmed Combat
  9743 | D:8      | Reached skill level 5 in Spellcasting
  9743 | D:8      | Reached skill level 5 in Evocations
 10639 | D:8      | Killed a two-headed ogre
 11203 | D:9      | Reached *** piety under the Shining One
 11392 | D:9      | Found Cenios's Armour Boutique.
 11405 | D:9      | Reached skill level 6 in Invocations
 11472 | D:9      | Found an ancient bone altar of Kikubaaqudgha.
 11771 | D:9      | Found a white marble altar of Elyvilon.
 12189 | D:9      | Noticed an unseen horror
 12199 | D:9      | Killed an unseen horror
 12435 | D:10     | Entered Level 10 of the Dungeon
 12440 | D:10     | Noticed a two-headed ogre
 12440 | D:10     | Noticed a red ugly thing
 12441 | D:10     | Noticed a white ugly thing
 12525 | D:10     | Reached XP level 11. HP: 87/87 MP: 19/19
 12692 | D:10     | Found a staircase to the Orcish Mines.
 12977 | D:10     | Found an iron altar of Okawaru.
 13702 | D:11     | Reached skill level 5 in Conjurations
 13702 | D:11     | Reached skill level 5 in Hexes
 13702 | D:11     | Reached skill level 5 in Summonings
 13702 | D:11     | Reached skill level 5 in Necromancy
 13702 | D:11     | Reached skill level 5 in Translocations
 13702 | D:11     | Reached skill level 5 in Transmutations
 13702 | D:11     | Reached skill level 5 in Fire Magic
 13702 | D:11     | Reached skill level 5 in Ice Magic
 13702 | D:11     | Reached skill level 5 in Air Magic
 13702 | D:11     | Reached skill level 5 in Earth Magic
 13702 | D:11     | Reached skill level 5 in Poison Magic
 13888 | D:11     | Noticed a boulder beetle
 14222 | D:11     | Noticed Erica
 14227 | D:11     | Killed Erica
 14470 | D:11     | Reached **** piety under the Shining One
 14504 | D:11     | Noticed Maurice
 14519 | D:11     | Killed Maurice
 14854 | Lair:1   | Entered Level 1 of the Lair of Beasts
 14889 | Lair:1   | Reached skill level 7 in Invocations
 14997 | D:9      | Bought the -2 hat of the Alchemist {rElec rPois rF+ rC+ rN+
                  | Will+ rMut rCorr} for 613 gold pieces
 14997 | D:9      | Found the -2 hat of the Alchemist {rElec rPois rF+ rC+ rN+
                  | Will+ rMut rCorr}
 15072 | Lair:1   | Found a frozen archway.
 15108 | IceCv    | Entered an ice cave
 15796 | IceCv    | Noticed a death yak
 15796 | IceCv    | Noticed a death yak
 15796 | IceCv    | Noticed a death yak
 15849 | IceCv    | Killed a death yak
 15859 | IceCv    | Killed a death yak
 15869 | IceCv    | Killed a death yak
 15870 | IceCv    | Reached XP level 12. HP: 27/96 MP: 22/22
 17265 | IceCv    | Reached skill level 8 in Invocations
 17462 | IceCv    | Noticed a death yak
 17462 | IceCv    | Noticed a frost giant
 17462 | IceCv    | Noticed a death yak
 17462 | IceCv    | Noticed a death yak
 17462 | IceCv    | Noticed a death yak
 17829 | Lair:1   | Noticed a four-headed hydra
 17920 | Lair:1   | Killed a one-headed hydra
 17921 | Lair:1   | Reached skill level 10 in Fighting
 17921 | Lair:1   | Reached skill level 10 in Armour
 17921 | Lair:1   | Reached skill level 10 in Shields
 18556 | Lair:1   | Noticed Harold
 18569 | Lair:1   | Killed Harold
 20155 | Lair:3   | Noticed Snorg
 20166 | Lair:3   | Reached XP level 13. HP: 103/103 MP: 24/24
 20323 | Lair:3   | Killed Snorg
 20681 | Lair:3   | Found a staircase to the Snake Pit.
 20919 | Lair:3   | Found a staircase to the Shoals.
 21055 | Lair:3   | Reached skill level 9 in Invocations
 24833 | Lair:4   | Reached XP level 14. HP: 99/111 MP: 26/26
 25000 | Lair:5   | Reached skill level 10 in Axes
 25747 | Lair:6   | Entered Level 6 of the Lair of Beasts
 27032 | Lair:6   | Found a staircase to the Slime Pits.
 27038 | Lair:6   | Reached skill level 10 in Invocations
 27572 | Lair:6   | Found a large runed translucent door.
 27780 | Lair:6   | Noticed Urug
 27787 | Lair:6   | Killed Urug
 28072 | Lair:6   | Found a large runed translucent door.
 28553 | Lair:6   | Identified the +11 war axe of Filigreed Exoneration
                  | {vorpal, *Corrode rElec rPois Stlth+}
 28738 | Orc:1    | Entered Level 1 of the Orcish Mines
 28790 | Orc:1    | Found a transporter.
 28790 | Orc:1    | Found a transporter.
 29044 | Orc:1    | Identified the +11 arbalest of Terra Cotta {penet, Fly
                  | rElec Int-4}
 29129 | Orc:1    | Found Keymal's Mass Market.
 29207 | Orc:2    | Entered Level 2 of the Orcish Mines
 30682 | Orc:2    | Found a staircase to the Elven Halls.
 30998 | Orc:2    | Found Kadgheap's General Store.
 30998 | Orc:2    | Found Ugrazal's Assorted Antiques.
 31000 | Orc:2    | Found Peunawku's Book Boutique.
 31002 | Orc:2    | Found Zimic's Antique Weapon Shoppe.
 31397 | Orc:1    | Noticed Erolcha
 31406 | Orc:1    | Killed Erolcha
 31706 | Orc:2    | Bought a scroll of identify for 24 gold pieces
 31706 | Orc:2    | Bought a scroll of identify for 24 gold pieces
 31706 | Orc:2    | Identified a scroll of acquirement
 31707 | Orc:2    | Acquired 1053 gold pieces
 32543 | D:11     | Reached XP level 15. HP: 100/119 MP: 28/28
 33585 | D:12     | Noticed Frances
 33593 | D:12     | Killed Frances
 33803 | D:12     | Noticed Josephine
 33816 | D:12     | Killed Josephine
 35127 | Elf:1    | Entered Level 1 of the Elven Halls
 35656 | Elf:1    | Reached skill level 10 in Short Blades
 35656 | Elf:1    | Reached skill level 10 in Long Blades
 35656 | Elf:1    | Reached skill level 10 in Maces & Flails
 35656 | Elf:1    | Reached skill level 10 in Polearms
 35656 | Elf:1    | Reached skill level 10 in Staves
 35656 | Elf:1    | Reached skill level 10 in Slings
 35656 | Elf:1    | Reached skill level 10 in Bows
 35656 | Elf:1    | Reached skill level 10 in Crossbows
 35656 | Elf:1    | Reached skill level 10 in Throwing
 35656 | Elf:1    | Reached skill level 10 in Dodging
 35656 | Elf:1    | Reached skill level 10 in Stealth
 35656 | Elf:1    | Reached skill level 10 in Unarmed Combat
 35656 | Elf:1    | Reached skill level 10 in Spellcasting
 35656 | Elf:1    | Reached skill level 10 in Evocations
 36322 | D:7      | Killed Maggie
 36412 | D:7      | Found a hide-covered altar of Uskayaw.
 36613 | D:7      | Found a shimmering blue altar of Sif Muna.
 37179 | D:13     | Identified the +1 acid dragon scales "Waty" {Drain rCorr
                  | Str+10}
 37862 | D:13     | Reached skill level 11 in Invocations
 38444 | D:13     | Found a gate to the Vaults.
 39959 | D:14     | Noticed Nessos
 39969 | D:14     | Killed Nessos
 40936 | D:15     | Entered Level 15 of the Dungeon
 40936 | D:15     | Noticed Jorgrun
 41062 | D:14     | Reached XP level 16. HP: 59/127 MP: 30/30
 41320 | D:13     | Learned a level 3 spell: Frozen Ramparts
 42026 | D:15     | Killed Jorgrun
 42662 | D:14     | Learned a level 3 spell: Stone Arrow
 42822 | Snake:1  | Entered Level 1 of the Snake Pit
 42822 | Snake:1  | Found a large runed translucent door.
 42822 | Snake:1  | Found a large runed translucent door.
 42825 | Snake:1  | Noticed Ethuom's ghost (adept DjFE)
 45737 | Snake:1  | Found Jysa's Gadget Gallery.
 46367 | Snake:2  | Noticed Vashnia
 47470 | Lair:3   | Learned a level 4 spell: Summon Ice Beast
 48299 | Elf:1    | Reached skill level 12 in Invocations
 49465 | Elf:1    | Reached XP level 17. HP: 135/135 MP: 32/32
 49819 | Elf:1    | Found Wesigy's Weapon Boutique.
 50026 | Elf:1    | Found Piekepas's Weapon Shoppe.
 50256 | Elf:1    | Found Jomierak's Magic Scroll Shoppe.
 50415 | Elf:1    | Bought a scroll of fear for 49 gold pieces
 50415 | Elf:1    | Bought a scroll of blinking for 105 gold pieces
 50415 | Elf:1    | Bought a scroll of enchant armour for 105 gold pieces
 50415 | Elf:1    | Bought 2 scrolls of blinking for 210 gold pieces
 50415 | Elf:1    | Bought a scroll of enchant armour for 105 gold pieces
 50573 | Elf:1    | Found Oduuceid's Armour Boutique.
 50621 | Elf:1    | Paralysed by an air elemental for 1 turns
 51442 | Elf:1    | Got Vikuneh's Grimoire of Supportive Battle Magic
 51894 | Elf:2    | Found a runed translucent gate.
 51894 | Elf:2    | Found a runed translucent gate.
 51909 | Elf:2    | Paralysed by an air elemental for 1 turns
 51917 | Elf:2    | Paralysed by an air elemental for 1 turns
 52253 | Elf:2    | Found a runed translucent gate.
 52934 | Elf:2    | Found Afixoits's Weapon Boutique.
 53123 | Elf:2    | Reached skill level 10 in Conjurations
 53123 | Elf:2    | Reached skill level 10 in Hexes
 53123 | Elf:2    | Reached skill level 10 in Summonings
 53123 | Elf:2    | Reached skill level 10 in Necromancy
 53123 | Elf:2    | Reached skill level 10 in Translocations
 53123 | Elf:2    | Reached skill level 10 in Transmutations
 53123 | Elf:2    | Reached skill level 10 in Fire Magic
 53123 | Elf:2    | Reached skill level 10 in Ice Magic
 53123 | Elf:2    | Reached skill level 10 in Air Magic
 53123 | Elf:2    | Reached skill level 10 in Earth Magic
 53123 | Elf:2    | Reached skill level 10 in Poison Magic
 53128 | Elf:2    | Learned a level 4 spell: Passage of Golubria
 53134 | Elf:2    | Learned a level 5 spell: Freezing Cloud
 53439 | Elf:3    | Entered Level 3 of the Elven Halls
 54265 | Elf:3    | Noticed a deep elf blademaster
 54482 | Elf:3    | Noticed a deep elf master archer
 54784 | Elf:3    | Killed a deep elf master archer
 55101 | Elf:3    | Identified the ring of Ascent {Will+ rCorr Str+4 Int+3}
 55132 | Elf:3    | Reached XP level 18. HP: 134/143 MP: 18/33
 55384 | Elf:3    | Noticed a deep elf blademaster
 55628 | Elf:2    | Learned a level 5 spell: Yara's Violent Unravelling
 55729 | Elf:3    | Noticed a Tzitzimitl
 56337 | Elf:3    | Killed a deep elf blademaster
 56423 | Elf:3    | Reached skill level 13 in Invocations
 56866 | Elf:3    | Noticed a deep elf master archer
 56875 | Elf:3    | Killed a deep elf master archer
 57587 | Elf:3    | Killed a deep elf blademaster
 57616 | Elf:3    | Found the +7 captain's cutlass {speed, disarm}
 57786 | Elf:3    | Found Dosotum's Elven Fire.
 57795 | Elf:3    | Identified the +4 great sword of the Genius {freeze, rPois
                  | rN+}
 58438 | Elf:3    | Paralysed by an air elemental for 1 turns
 58525 | Elf:2    | Upgraded the game from 0.27.0-66-gdc8fb28755 to 0.27.1
 58585 | Elf:3    | Learned a level 5 spell: Bolt of Magma
 59452 | Snake:2  | Found a runed translucent gate.
 59453 | Snake:2  | Found a runed translucent gate.
 59453 | Snake:2  | Found an opulent altar of Gozag.
 59454 | Snake:2  | Found a runed translucent gate.
 59712 | Snake:2  | Noticed Agnes
 59717 | Snake:2  | Killed Agnes
 59879 | Snake:3  | Noticed Aizul
 59900 | Snake:3  | Killed Aizul
 59994 | Snake:3  | Identified the +5 leather armour of the Onion {rC+ Dex+7
                  | Stlth-}
 60016 | Snake:3  | Found a basalt altar of Yredelemnul.
 60074 | Snake:3  | Found a hide-covered altar of Uskayaw.
 60624 | Snake:3  | Found Cecaoll's General Store.
 60907 | Snake:3  | Bought a +1 pair of gloves of strength for 231 gold pieces
 60918 | Snake:3  | Found Acalulo's Jewellery Boutique.
 61660 | Snake:3  | Reached XP level 19. HP: 144/151 MP: 32/35
 62020 | Snake:4  | Entered Level 4 of the Snake Pit
 63629 | Snake:4  | Learned a level 5 spell: Summon Mana Viper
 65171 | Snake:4  | Got a serpentine rune of Zot
 66245 | Snake:2  | Killed Vashnia
 66505 | Snake:2  | Noticed skAll's ghost (journeyman DsBe)
 66592 | Snake:1  | Killed Ethuom's ghost
 66593 | Snake:1  | Reached skill level 14 in Invocations
 66666 | Shoals:1 | Entered Level 1 of the Shoals
 66734 | Shoals:1 | Found an ancient bone altar of Kikubaaqudgha.
 67069 | Shoals:1 | Found a broken altar of Ashenzari.
 67194 | Shoals:1 | Reached ***** piety under the Shining One
 67956 | Shoals:2 | Found Vobreid's Island Escapes.
 67967 | Shoals:2 | Bought a scroll of fog for 26 gold pieces
 67967 | Shoals:2 | Bought a scroll of teleportation for 39 gold pieces
 67967 | Shoals:2 | Bought a potion of haste for 130 gold pieces
 67967 | Shoals:2 | Bought a scroll of blinking for 97 gold pieces
 67967 | Shoals:2 | Bought a scroll of fog for 26 gold pieces
 68860 | Shoals:2 | Reached XP level 20. HP: 128/160 MP: 32/37
 69109 | Shoals:4 | Entered Level 4 of the Shoals
 69786 | Shoals:3 | Identified the +4 scale mail of Qicel {rF+ Regen+}
 69815 | Shoals:3 | Noticed Ilsuiw
 69818 | Shoals:3 | Noticed Kirke
 69826 | Shoals:3 | Noticed Louise
 69831 | Shoals:3 | Killed Kirke
 69833 | Shoals:3 | Killed Ilsuiw
 69837 | Shoals:3 | Killed Louise
 69847 | Shoals:3 | Noticed Polyphemus
 69857 | Shoals:3 | Killed Polyphemus
 69857 | Shoals:3 | Was placed under penance by the Shining One
 70287 | Shoals:3 | Noticed Donald
 70585 | Shoals:3 | Was forgiven by the Shining One
 70807 | Shoals:3 | Killed Donald
 70963 | Shoals:4 | Got a barnacled rune of Zot
 71251 | Shoals:4 | Got the Compendium of the Igneous Entourage
 72246 | Slime:1  | Entered Level 1 of the Pits of Slime
 73070 | Slime:2  | Reached XP level 21. HP: 125/167 MP: 38/38
 73361 | Slime:3  | Gained mutation: Your body sometimes deteriorates upon
                  | taking damage. [a shining eye]
 73361 | Slime:3  | Gained mutation: Your spells are a little easier to cast,
                  | but a little less powerful. [a shining eye]
 73441 | Slime:1  | Reached skill level 15 in Fighting
 73441 | Slime:1  | Reached skill level 15 in Armour
 73441 | Slime:1  | Reached skill level 15 in Shields
 73646 | Slime:5  | Entered Level 5 of the Pits of Slime
 73739 | Slime:5  | Reached skill level 15 in Invocations
 74481 | Slime:4  | Gained mutation: You occasionally shout uncontrollably at
                  | your foes. [a shining eye]
 74585 | Slime:5  | Noticed the Royal Jelly
 75497 | Slime:5  | Found a viscous altar of Jiyva.
 75513 | Slime:5  | Fell from the grace of the Shining One
 75513 | Slime:5  | Became a worshipper of Jiyva Jaat the Shapeless
 76146 | D:3      | Bought a scroll of enchant weapon for 105 gold pieces
 76146 | D:3      | Bought a scroll of amnesia for 49 gold pieces
 76146 | D:3      | Bought 2 scrolls of enchant armour for 210 gold pieces
 76146 | D:3      | Bought a scroll of amnesia for 49 gold pieces
 76146 | D:3      | Bought a scroll of teleportation for 42 gold pieces
 76146 | D:3      | Bought a scroll of fog for 28 gold pieces
 76155 | D:3      | Learned a level 6 spell: Iron Shot
 76411 | D:11     | Reached * piety under Jiyva
 76464 | Vaults:1 | Entered Level 1 of the Vaults
 76889 | Vaults:1 | Identified the +6 chain mail of Gozag's Wrath {Fly Int+4
                  | Dex-5}
 76903 | Vaults:1 | Reached ** piety under Jiyva
 77016 | Vaults:1 | Reached XP level 22. HP: 83/176 MP: 34/40
 77161 | Vaults:1 | Reached *** piety under Jiyva
 77317 | Vaults:1 | Found Leynouna's Distillery.
 77321 | Vaults:1 | Bought a potion of might for 64 gold pieces
 77321 | Vaults:1 | Bought a potion of mutation for 128 gold pieces
 77321 | Vaults:1 | Bought a potion of berserk rage for 80 gold pieces
 77321 | Vaults:1 | Bought a potion of heal wounds for 80 gold pieces
 77321 | Vaults:1 | Bought a potion of haste for 160 gold pieces
 77321 | Vaults:1 | Bought a potion of haste for 160 gold pieces
 77782 | Vaults:1 | Gained mutation: You have a pair of small antennae on your
                  | head. [Jiyva's grace]
 77817 | Vaults:1 | Reached **** piety under Jiyva
 78741 | Shoals:1 | Gained mutation: You passively map a small area around you.
                  | [Jiyva's grace]
 78940 | Shoals:2 | Reached ***** piety under Jiyva
 78947 | Shoals:2 | Lost mutation: Your body sometimes deteriorates upon taking
                  | damage. [Jiyva's grace]
 78983 | Shoals:2 | Gained mutation: Your melee attacks may engulf your foes in
                  | ooze. [Jiyva's grace]
 79285 | Shoals:3 | Lost mutation: You have a pair of small antennae on your
                  | head. [Jiyva's grace]
 79300 | Shoals:3 | Reached ****** piety under Jiyva
 79307 | Shoals:3 | Lost mutation: Your spells are a little easier to cast, but
                  | a little less powerful. [Jiyva's grace]
 79674 | Slime:5  | Gained mutation: You evolve. [Jiyva's grace]
 79677 | Slime:5  | Identified the ring of Gealimog {*Slow rPois rC+ rN+++
                  | Int-2}
 79711 | Slime:5  | Got a slimy rune of Zot
 79720 | Slime:5  | Gained mutation: Your translucent skin slightly reduces
                  | your foes' accuracy. (Stealth+) [Jiyva's grace]
 79746 | Slime:5  | Got the Guide on the Toxic Rocks
 79777 | Slime:5  | Gained mutation: Your spells are a little easier to cast,
                  | but a little less powerful. [Jiyva's grace]
 79791 | Slime:5  | Gained mutation: You have a small jelly attached to you
                  | that may absorb incoming projectiles. [Jiyva's grace]
 79792 | Slime:5  | Lost mutation: You occasionally shout uncontrollably at
                  | your foes. [Jiyva's power]
 79794 | Slime:5  | Lost mutation: Your spells are a little easier to cast, but
                  | a little less powerful. [Jiyva's power]
 80654 | Orc:2    | Gained mutation: You are clumsy. (Dex -2) [Jiyva's grace]
 80659 | Orc:2    | Lost mutation: You are clumsy. (Dex -2) [Jiyva's grace]
 80671 | Orc:2    | Gained mutation: Armour fits poorly on your pseudopods.
                  | [Jiyva's grace]
 80694 | Orc:2    | Lost mutation: You passively map a small area around you.
                  | [Jiyva's grace]
 80975 | Vaults:2 | Reached skill level 15 in Axes
 81038 | Vaults:2 | Gained mutation: Your body sometimes deteriorates upon
                  | taking damage. [Jiyva's grace]
 81040 | Vaults:2 | Lost mutation: Your body sometimes deteriorates upon taking
                  | damage. [Jiyva's power]
 81486 | Vaults:2 | Identified the +11 chain mail "Lagh" {Harm rPois Dex-4
                  | SInv}
 81602 | Vaults:2 | Gained mutation: Your body has grown golden eyes which may
                  | confuse attackers. (Acc +3) [Jiyva's grace]
 81629 | Vaults:2 | Noticed Mara
 81642 | Vaults:2 | Killed Mara
 82264 | Vaults:2 | Found a staircase to the Crypt.
 82640 | Vaults:2 | Gained mutation: You are partially covered in iridescent
                  | scales. (AC +2) [Jiyva's grace]
 82764 | Vaults:3 | Found Guzol's Distillery.
 82785 | Vaults:3 | Gained mutation: You have a pair of small antennae on your
                  | head. [Jiyva's grace]
 83343 | Vaults:3 | Gained mutation: You are covered in slimy tendrils that may
                  | disarm your opponents. [Jiyva's grace]
 83353 | Vaults:3 | Identified the +8 great sword of Latale Cybb {vorpal, MP+9}
 83631 | Vaults:3 | Gained mutation: You sometimes lose the ability to read
                  | scrolls when taking damage. [Jiyva's grace]
 83787 | Vaults:3 | Noticed Bai Suzhen
 83791 | Vaults:3 | Slimified Bai Suzhen
 83791 | Vaults:3 | Noticed Bai Suzhen
 83791 | Vaults:3 | Bai Suzhen changed into Bai Suzhen the acid blob
 84171 | Vaults:4 | Noticed Mennas
 84171 | Vaults:4 | Found Nuigaqem's Assorted Antiques.
 84247 | Vaults:4 | Found Langa's Magic Scroll Shop.
 84252 | Vaults:4 | Bought a scroll of enchant weapon for 120 gold pieces
 84252 | Vaults:4 | Bought a scroll of acquirement for 832 gold pieces
 84254 | Vaults:4 | Acquired 868 gold pieces
 84481 | Vaults:4 | Reached skill level 16 in Invocations
 84520 | Vaults:4 | Bought a scroll of enchant armour for 277 gold pieces
 84532 | Vaults:4 | Lost mutation: You sometimes lose the ability to read
                  | scrolls when taking damage. [Jiyva's grace]
 84560 | Vaults:4 | Killed Mennas
 84566 | Vaults:4 | Lost mutation: You evolve. [Jiyva's grace]
 84786 | Vaults:4 | Found Satovuli's Antique Weapon Emporium.
 84888 | Vaults:4 | Noticed Boris
 84946 | Vaults:4 | Reached XP level 23. HP: 161/183 MP: 29/41
 85178 | Vaults:4 | Found a transporter.
 85222 | Vaults:4 | Found a transporter.
 85224 | Vaults:4 | Found the +4 dagger "Morg" {pain, Will+ Int+5}
 85331 | Vaults:4 | Found Nosif's Antique Weapon Boutique.
 85335 | Vaults:4 | Found Daliprat's Magic Scroll Shop.
 85343 | Vaults:4 | Bought a scroll of enchant weapon for 112 gold pieces
 85766 | Vaults:4 | Reached skill level 15 in Short Blades
 85766 | Vaults:4 | Reached skill level 15 in Long Blades
 85766 | Vaults:4 | Reached skill level 15 in Maces & Flails
 85766 | Vaults:4 | Reached skill level 15 in Polearms
 85766 | Vaults:4 | Reached skill level 15 in Staves
 85766 | Vaults:4 | Reached skill level 15 in Slings
 85766 | Vaults:4 | Reached skill level 15 in Bows
 85766 | Vaults:4 | Reached skill level 15 in Crossbows
 85766 | Vaults:4 | Reached skill level 15 in Throwing
 85766 | Vaults:4 | Reached skill level 15 in Dodging
 85766 | Vaults:4 | Reached skill level 15 in Stealth
 85766 | Vaults:4 | Reached skill level 15 in Unarmed Combat
 85766 | Vaults:4 | Reached skill level 15 in Spellcasting
 85766 | Vaults:4 | Reached skill level 15 in Evocations
 85799 | Vaults:4 | Noticed a dread lich
 85831 | Vaults:4 | Killed a dread lich
 85850 | Vaults:4 | Identified a ring "Pycige" {rC++ rCorr Str-2 Dex+6 SInv}
 85958 | Vaults:4 | Gained mutation: You have acidic saliva. [Jiyva's grace]
 86011 | Vaults:4 | Identified the amulet "Zimehy" {Faith Fly rN+ Will+ Str+3}
 86185 | Vaults:1 | Lost mutation: You are partially covered in iridescent
                  | scales. (AC +2) [Jiyva's grace]
 86557 | D:15     | Found a staircase to the Depths.
 86813 | D:15     | Gained mutation: You are partially covered in iridescent
                  | scales. (AC +2) [Jiyva's grace]
 86970 | D:15     | Found the +5 robe of Night {Dark Will+ SInv}
 87041 | Depths:1 | Entered Level 1 of the Depths
 87041 | Depths:1 | Found a gateway to Hell.
 87239 | Depths:1 | Found a runed translucent door.
 87256 | Depths:1 | Found a gateway to a ziggurat.
 87665 | Depths:1 | Found a one-way gate leading to the halls of Pandemonium.
 87823 | Depths:1 | Gained mutation: You are mostly covered in iridescent
                  | scales. (AC +4) [Jiyva's grace]
 87857 | Depths:1 | Identified the ring of Temptation {rElec rPois rCorr Int+3}
 88031 | Depths:1 | Noticed Sojobo
 88041 | Depths:1 | Paralysed by an air elemental for 1 turns
 88044 | Depths:1 | Killed Sojobo
 88063 | Depths:1 | Was placed under penance by Jiyva
 88155 | Depths:1 | Was forgiven by Jiyva
 88296 | Depths:1 | Gained mutation: You are covered in fur. (AC +1) [Jiyva's
                  | grace]
 88476 | Depths:1 | Identified the +10 dagger of the End {spect, +Rage rN+
                  | Str-2}
 88778 | Depths:2 | Found Ycleagyo's Distillery.
 89021 | Depths:2 | Reached XP level 24. HP: 155/193 MP: 25/42
 89153 | Depths:2 | Gained mutation: You are weak. (Str -2) [Jiyva's grace]
 89298 | Depths:2 | Noticed Nikola
 89322 | Depths:2 | Killed Nikola
 89400 | Depths:2 | Gained mutation: You are somewhat resistant to further
                  | mutation. [Jiyva's grace]
 89656 | Depths:2 | Got the Papyrus of Fiery Attacks
 90258 | Depths:3 | Lost mutation: You are weak. (Str -2) [Jiyva's grace]
 90274 | Depths:3 | Lost mutation: You have a pair of small antennae on your
                  | head. [Jiyva's grace]
 90761 | Depths:3 | Gained mutation: Your rubbery body absorbs attacks. (AC +1,
                  | EV +1) [Jiyva's grace]
 90832 | Depths:3 | Noticed a juggernaut
 90846 | Depths:3 | Slimified a juggernaut
 90846 | Depths:3 | a juggernaut changed into an azure jelly
 90918 | Depths:3 | Noticed a caustic shrike
 90976 | Depths:3 | Identified the amulet of Qasemm {Spirit rPois rF+ Slay-5}
 91053 | Depths:3 | Reached skill level 17 in Invocations
 91165 | Depths:3 | Identified the +8 short sword of Moral Flaws {vorpal, rElec
                  | rF++}
 91165 | Depths:3 | Identified the amulet "Wishredd" {Spirit rF+}
 91299 | Depths:3 | Lost mutation: Your translucent skin slightly reduces your
                  | foes' accuracy. (Stealth+) [Jiyva's grace]
 91335 | Depths:3 | Gained mutation: Your pliable body absorbs attacks. (AC +2,
                  | EV +2) [Jiyva's grace]
 91348 | Depths:3 | Noticed a caustic shrike
 91360 | Depths:3 | Noticed an ancient lich
 91432 | Depths:3 | Got the Disquisition on Envenoming
 91437 | Depths:3 | Got the Collected Works on Conjuration and the Blaze
 91446 | Depths:3 | Learned a level 5 spell: Irradiate
 91464 | Depths:3 | Lost mutation: You are covered in slimy tendrils that may
                  | disarm your opponents. [Jiyva's grace]
 91468 | Depths:3 | Slimified a caustic shrike
 91468 | Depths:3 | a caustic shrike changed into an acid blob
 91474 | Depths:3 | Killed a caustic shrike
 91511 | Depths:3 | Killed an ancient lich
 91650 | Depths:3 | Lost mutation: You are mostly covered in iridescent scales.
                  | (AC +4) [Jiyva's grace]
 91782 | Depths:3 | Acquired a +1 tower shield of protection
 92333 | Depths:4 | Gained mutation: Your flesh is heat resistant. (rF+)
                  | [Jiyva's grace]
 92392 | Depths:4 | Reached XP level 25. HP: 201/201 MP: 36/43
 92858 | Depths:4 | Found a one-way gate to the infinite horrors of the Abyss.
 93252 | Depths:4 | Lost mutation: Your flesh is heat resistant. (rF+) [Jiyva's
                  | grace]
 93293 | Depths:4 | Gained mutation: Your gelatinous body deflects attacks. (AC
                  | +3, EV +3) [Jiyva's grace]
 93467 | Depths:5 | Entered Level 5 of the Depths
 93883 | Depths:5 | Acquired 926 gold pieces
 93939 | Depths:5 | Lost mutation: Your body has grown golden eyes which may
                  | confuse attackers. (Acc +3) [Jiyva's grace]
 94037 | Depths:5 | Gained mutation: Armour fits poorly on your large
                  | pseudopods. [Jiyva's grace]
 94473 | Depths:5 | Gained mutation: You expend magic power (3 MP) to
                  | strengthen your wands. [Jiyva's grace]
 94488 | Depths:5 | Found a gate to the Realm of Zot.
 94675 | Zot:1    | Entered Level 1 of the Realm of Zot
 95419 | Zot:1    | Reached XP level 26. HP: 209/209 MP: 36/43
 95437 | Zot:1    | Gained mutation: You have a small jelly attached to you
                  | that senses nearby items. [Jiyva's grace]
 96132 | Zot:2    | Reached skill level 18 in Invocations
 96168 | Vaults:3 | Gained mutation: Your flesh is cold resistant. (rC+)
                  | [Jiyva's grace]
 96323 | Zot:2    | Noticed an orb of fire
 96349 | Zot:2    | Killed an orb of fire
 96696 | Zot:2    | Lost mutation: You expend magic power (3 MP) to strengthen
                  | your wands. [Jiyva's grace]
 97013 | Zot:2    | Noticed a shard shrike
 97330 | Zot:3    | Lost mutation: You have acidic saliva. [Jiyva's grace]
 97618 | Zot:3    | Found a transporter.
 97622 | Zot:3    | Noticed a Killer Klown
 97633 | Zot:3    | Found a transporter.
 97645 | Zot:3    | Noticed a Killer Klown
 97653 | Zot:3    | Noticed Beclu's ghost (legendary GnSk)
 97671 | Zot:3    | Noticed a Killer Klown
 98156 | Zot:3    | Lost mutation: You have a small jelly attached to you that
                  | may absorb incoming projectiles. [Jiyva's grace]
 98556 | Zot:4    | Noticed a Killer Klown
 98590 | Zot:4    | Killed a Killer Klown
 98591 | Zot:4    | Reached XP level 27. HP: 179/217 MP: 35/44
 98974 | Zot:4    | Gained mutation: You are covered in slimy tendrils that may
                  | disarm your opponents. [Jiyva's grace]
 98995 | Zot:4    | Found the +8 storm bow {elec, penet}
 99093 | Zot:5    | Entered Level 5 of the Realm of Zot
 99283 | Zot:5    | Lost mutation: You are partially covered in iridescent
                  | scales. (AC +2) [Jiyva's grace]
 99286 | Zot:5    | Reached skill level 15 in Conjurations
 99286 | Zot:5    | Reached skill level 15 in Hexes
 99286 | Zot:5    | Reached skill level 15 in Summonings
 99286 | Zot:5    | Reached skill level 15 in Necromancy
 99286 | Zot:5    | Reached skill level 15 in Translocations
 99286 | Zot:5    | Reached skill level 15 in Transmutations
 99286 | Zot:5    | Reached skill level 15 in Fire Magic
 99286 | Zot:5    | Reached skill level 15 in Ice Magic
 99286 | Zot:5    | Reached skill level 15 in Air Magic
 99286 | Zot:5    | Reached skill level 15 in Earth Magic
 99286 | Zot:5    | Reached skill level 15 in Poison Magic
 99403 | Zot:5    | Lost mutation: Your melee attacks may engulf your foes in
                  | ooze. [Jiyva's grace]
100051 | Crypt:1  | Entered Level 1 of the Crypt
100187 | Crypt:1  | Noticed a royal mummy
100190 | Crypt:1  | Noticed Khufu
100563 | D:12     | Gained mutation: Your muscles are strong. (Str +2) [Jiyva's
                  | grace]
100645 | D:9      | Bought a scarf of resistance for 416 gold pieces
100645 | D:9      | Bought a +1 pair of boots of flying for 214 gold pieces
100745 | Orc:2    | Bought a scroll of enchant armour for 217 gold pieces
100853 | Lair:3   | Lost mutation: You are covered in slimy tendrils that may
                  | disarm your opponents. [Jiyva's grace]
101033 | Orc:2    | Bought a glowing plate armour for 754 gold pieces
101590 | Vaults:4 | Bought a scroll of fog for 30 gold pieces
101590 | Vaults:4 | Bought a scroll of fog for 30 gold pieces
101590 | Vaults:4 | Bought a scroll of amnesia for 52 gold pieces
101590 | Vaults:4 | Bought a scroll of teleportation for 45 gold pieces
101594 | Vaults:5 | Entered Level 5 of the Vaults
101690 | Vaults:5 | Noticed a dread lich
101699 | Vaults:5 | Noticed an ancient lich
101704 | Vaults:5 | Reached skill level 19 in Invocations
101719 | Vaults:5 | Killed a dread lich
101723 | Vaults:5 | HP: 8/219 [stone giant (5)]
101832 | Vaults:5 | Killed an ancient lich
102127 | Vaults:5 | Got the Catalogue of the Bewitching Compass
102219 | Vaults:5 | Gained mutation: You have sharp toenails. [Jiyva's grace]
102246 | Vaults:5 | Got a silver rune of Zot
102253 | Vaults:5 | Gained mutation: Your flesh is heat resistant. (rF+)
                  | [Jiyva's grace]
102259 | Vaults:5 | Gained mutation: You are partially covered in large bone
                  | plates. (SH +4) [Jiyva's grace]
102261 | Vaults:5 | Lost mutation: Armour fits poorly on your large pseudopods.
                  | [Jiyva's grace]
102264 | Vaults:5 | Lost mutation: Armour fits poorly on your pseudopods.
                  | [Jiyva's grace]
102270 | Vaults:5 | Lost mutation: Your muscles are strong. (Str +2) [Jiyva's
                  | grace]
102276 | Vaults:5 | Identified the +5 hunting sling "Ythrin" {vorpal, rElec}
102310 | Vaults:5 | Lost mutation: Your flesh is cold resistant. (rC+) [Jiyva's
                  | grace]
102350 | Vaults:5 | Gained mutation: You have acidic saliva. [Jiyva's grace]
102386 | Vaults:5 | Identified the +6 scale mail "Vostrid" {rC+}
102457 | Vaults:5 | Identified the +1 cloak of Free Expression {Will+ Str+2
                  | SInv}
102548 | Vaults:5 | Identified the amulet of Voeck {Reflect rCorr Str+7 Int+6
                  | SH+5}
102569 | Vaults:5 | Identified the +4 hand axe "Qanoem" {vorpal, Contam rElec
                  | rPois Will+}
102670 | Vaults:5 | Gained mutation: You expend magic power (3 MP) to
                  | strengthen your wands. [Jiyva's grace]
102860 | Vaults:5 | Lost mutation: You expend magic power (3 MP) to strengthen
                  | your wands. [Jiyva's grace]
102885 | Vaults:5 | Gained mutation: You are robust. (+10% HP) [Jiyva's grace]
102935 | Vaults:5 | Lost mutation: You are robust. (+10% HP) [Jiyva's grace]
103049 | Lair:2   | Gained mutation: You are agile. (Dex +2) [Jiyva's grace]
103481 | Vaults:2 | Lost mutation: You are somewhat resistant to further
                  | mutation. [Jiyva's grace]
103692 | D:9      | Gained mutation: You expend magic power (3 MP) to
                  | strengthen your wands. [Jiyva's grace]
103795 | Snake:2  | Killed skAll's ghost
104294 | Elf:2    | Gained mutation: You are very agile. (Dex +4) [Jiyva's
                  | grace]
104342 | Elf:2    | Lost mutation: You are very agile. (Dex +4) [Jiyva's grace]
104396 | Elf:2    | Noticed Asterion
104410 | Elf:2    | Killed Asterion
104434 | Elf:2    | Lost mutation: You have sharp toenails. [Jiyva's grace]
104509 | Elf:2    | Gained mutation: Your mind is acute. (Int +2) [Jiyva's
                  | grace]
104521 | Elf:2    | Lost mutation: You expend magic power (3 MP) to strengthen
                  | your wands. [Jiyva's grace]
104771 | Orc:1    | Lost mutation: You are partially covered in large bone
                  | plates. (SH +4) [Jiyva's grace]
105085 | Hell     | Entered the Vestibule of Hell
105085 | Hell     | Noticed Geryon
105722 | Depths:5 | Lost mutation: Your gelatinous body deflects attacks. (AC
                  | +3, EV +3) [Jiyva's grace]
107668 | D:5      | Lost mutation: Your mind is acute. (Int +2) [Jiyva's grace]
107898 | Hell     | Killed Geryon
107919 | Hell     | Found a gateway to the ashen valley of Gehenna.
108035 | Hell     | Gained mutation: Your mind is acute. (Int +2) [Jiyva's
                  | grace]
108050 | Hell     | Lost mutation: Your pliable body absorbs attacks. (AC +2,
                  | EV +2) [Jiyva's grace]
108090 | Hell     | Found a gateway to the decaying netherworld of Tartarus.
108207 | Hell     | Found a gateway to the freezing wastes of Cocytus.
108322 | Hell     | Found a gateway to the Iron City of Dis.
108528 | Zot:5    | Learned a level 6 spell: Dispersal
108564 | Zot:5    | Noticed an orb of fire
108582 | Zot:5    | Killed an orb of fire
108603 | Zot:5    | Noticed an orb of fire
108620 | Zot:5    | Killed an orb of fire
108985 | Zot:5    | Noticed an orb of fire
108992 | Zot:5    | Noticed an orb of fire
108999 | Zot:5    | Noticed an orb of fire
109004 | Zot:5    | Killed an orb of fire
109005 | Zot:5    | Reached skill level 20 in Invocations
109021 | Zot:4    | Killed an orb of fire
109417 | Zot:5    | Noticed an orb of fire
109431 | Zot:4    | Killed an orb of fire
109546 | Zot:5    | Noticed an orb of fire
109547 | Zot:5    | Gained mutation: You have a pair of small horns on your
                  | head. [an orb of fire]
109560 | Zot:4    | Killed an orb of fire
109777 | Zot:4    | Killed an orb of fire
109957 | Zot:5    | Lost mutation: You are covered in fur. (AC +1) [Jiyva's
                  | grace]
110079 | Zot:5    | Gained mutation: Armour fits poorly on your pseudopods.
                  | [Jiyva's grace]
110851 | Zot:5    | Noticed an ancient lich
111197 | Zot:5    | Gained mutation: You are weak. (Str -2) [Jiyva's grace]
111819 | Zot:5    | Killed an ancient lich
111827 | Zot:5    | Got the Orb of Zot
112500 | D:4      | Noticed Etzibie the pandemonium lord
112652 | D:$      | Escaped with the Orb!

Table legend: (Time is in decaauts)
 A = Elapsed time spent in this place.
 B = Non-inter-level travel time spent in this place.
 C = Inter-level travel time spent in this place.
 D = Time resting spent in this place.
 E = Time spent auto-exploring this place.
 F = Levels seen in this place.
 G = Mean time per level.
                   A        B        C        D        E       F      G
               +--------+--------+--------+--------+--------+-----+--------+
         Total | 112635 | 102082 |  10553 |  42365 |  31581 |  58 | 1942.0 |
       Dungeon |  27670 |  23595 |   4075 |   7962 |  10232 |  15 | 1844.7 |
        Temple |    438 |    337 |    101 |      0 |    333 |   1 |  438.0 |
          Lair |  12794 |  11550 |   1244 |   4018 |   5602 |   6 | 2132.3 |
        Shoals |   6753 |   6414 |    339 |   2972 |    977 |   4 | 1688.2 |
     Snake Pit |  12585 |  12073 |    512 |   6982 |   1700 |   4 | 3146.2 |
    Slime Pits |   4014 |   3584 |    430 |   1430 |    812 |   5 |  802.8 |
  Orcish Mines |   5731 |   5205 |    526 |   3890 |    694 |   2 | 2865.5 |
   Elven Halls |  10733 |  10138 |    595 |   5715 |   1589 |   3 | 3577.7 |
        Vaults |   9456 |   7929 |   1527 |   1103 |   3748 |   5 | 1891.2 |
         Crypt |    254 |    236 |     18 |     42 |     60 |   1 |  254.0 |
        Depths |  11215 |  10565 |    650 |   4009 |   3589 |   5 | 2243.0 |
          Hell |    628 |    605 |     23 |      0 |    332 |   1 |  628.0 |
           Zot |   7894 |   7385 |    509 |   2615 |   1823 |   5 | 1578.8 |
      Ice Cave |   2463 |   2463 |      0 |   1622 |     88 |   1 | 2463.0 |
               +--------+--------+--------+--------+--------+-----+--------+

Top non-repeatable levels by time:
 Snake:1: 4672 daAuts
Depths:5: 4620 daAuts
   Elf:2: 4258 daAuts
 Snake:4: 3711 daAuts
   Orc:2: 3536 daAuts
  Lair:4: 3499 daAuts
   Elf:1: 3483 daAuts
   Elf:3: 2991 daAuts
  Lair:6: 2928 daAuts
    D:11: 2743 daAuts
   Zot:5: 2730 daAuts
     D:6: 2609 daAuts
 Snake:3: 2545 daAuts
   IceCv: 2463 daAuts
    D:10: 2427 daAuts

Table legend:
 A = Kills in this place as a percentage of kills in entire the game.
 B = Kills by you in this place as a percentage of kills by you in the entire game.
 C = Kills by friends in this place as a percentage of kills by friends in the entire game.
 D = Other kills in this place as a percentage of other kills in the entire game.
 E = Experience gained in this place as a percentage of experience gained in the entire game.
 F = Experience gained in this place divided by the number of levels of this place that you have seen.
                   A       B       C       D       E      F
               +-------+-------+-------+-------+-------+----------------------
         Total | 100.0 | 100.0 | 100.0 | 100.0 | 100.0 | 31632.4
       Dungeon |  17.5 |  18.3 |   1.9 |   0.0 |   4.7 | 5777.7
          Lair |   7.8 |   8.1 |   1.9 |   0.0 |   2.9 | 8839.2
        Shoals |   7.4 |   6.9 |  18.1 |  12.5 |   5.4 | 24863.8
     Snake Pit |   7.7 |   7.5 |  11.4 |   6.2 |   6.5 | 29789.8
    Slime Pits |   4.2 |   4.0 |   9.5 |   0.0 |   4.7 | 17080.8
  Orcish Mines |   4.9 |   5.2 |   0.0 |   6.2 |   1.2 | 11202.0
   Elven Halls |   8.2 |   8.0 |   9.5 |  18.8 |   7.9 | 48411.3
        Vaults |  15.0 |  14.6 |  24.8 |   6.2 |  19.4 | 71044.2
         Crypt |   0.4 |   0.4 |   0.0 |   0.0 |   0.3 | 5475.0
        Depths |  12.8 |  12.7 |  10.5 |  37.5 |  19.0 | 69694.2
          Hell |   2.2 |   2.4 |   0.0 |   0.0 |   2.3 | 42068.0
           Zot |  10.1 |   9.9 |  12.4 |  12.5 |  25.1 | 92248.2
      Ice Cave |   1.9 |   2.0 |   0.0 |   0.0 |   0.6 | 10848.0
               +-------+-------+-------+-------+-------+----------------------

Action                   |  1- 3 |  4- 6 |  7- 9 | 10-12 | 13-15 | 16-18 | 19-21 | 22-24 | 25-27 || total
-------------------------+-------+-------+-------+-------+-------+-------+-------+-------+-------++-------
Melee: War axe           |    20 |       |       |       |   158 |       |       |       |       ||   178
       Dagger            |    69 |       |       |       |       |       |       |       |       ||    69
       Bite              |     6 |    12 |    54 |    97 |   192 |   111 |   159 |   227 |   427 ||  1285
       Short sword       |     3 |   134 |   333 |   158 |       |       |       |       |       ||   628
       Flail             |       |       |   137 |   499 |   192 |       |       |       |       ||   828
       Scimitar          |       |       |       |   264 |  1234 |    32 |       |       |       ||  1530
       Broad axe         |       |       |       |       |       |   987 |  1084 |  1232 |  2307 ||  5610
       Pseudopods        |       |       |       |       |       |       |       |   351 |   461 ||   812
       Headbutt          |       |       |       |       |       |       |       |       |   121 ||   121
Throw: Dart              |       |    11 |    14 |     7 |    42 |    58 |     1 |       |       ||   133
       Boomerang         |       |       |       |       |       |       |    15 |       |       ||    15
       Javelin           |       |       |       |       |       |       |    22 |    12 |    20 ||    54
 Cast: Stone Arrow       |       |       |       |       |       |   134 |       |       |       ||   134
       Frozen Ramparts   |       |       |       |       |       |    47 |    35 |    87 |    62 ||   231
       Summon Ice Beast  |       |       |       |       |       |    18 |       |       |       ||    18
       Freezing Cloud    |       |       |       |       |       |    32 |    98 |   107 |    86 ||   323
       Passage of Golubr |       |       |       |       |       |     7 |     5 |     3 |     4 ||    19
       Yara's Violent Un |       |       |       |       |       |     6 |     7 |     7 |     4 ||    24
       Summon Mana Viper |       |       |       |       |       |       |   122 |    34 |    33 ||   189
       Bolt of Magma     |       |       |       |       |       |       |     1 |    11 |       ||    12
       Iron Shot         |       |       |       |       |       |       |       |    24 |     9 ||    33
       Irradiate         |       |       |       |       |       |       |       |       |    34 ||    34
       Dispersal         |       |       |       |       |       |       |       |       |     1 ||     1
Invok: Divine Shield     |       |       |       |    20 |    47 |    30 |    20 |       |       ||   117
       Summon Divine War |       |       |       |       |       |       |     1 |       |       ||     1
       Request Jelly     |       |       |       |       |       |       |     1 |     5 |     1 ||     7
       Cure Bad Mutation |       |       |       |       |       |       |       |     4 |       ||     4
       Slimify           |       |       |       |       |       |       |       |     5 |     7 ||    12
Evoke: Wand              |       |       |       |    13 |    22 |    25 |     6 |    10 |    13 ||    89
       Phial of floods   |       |       |       |     1 |     1 |     5 |     1 |     2 |       ||    10
       Box of beasts     |       |       |       |       |     4 |     5 |     1 |     6 |     7 ||    23
       Phantom mirror    |       |       |       |       |       |       |       |     3 |     2 ||     5
       Condenser vane    |       |       |       |       |       |       |       |     2 |     3 ||     5
  Use: Scroll            |       |       |    11 |     7 |    11 |    15 |    13 |     8 |    27 ||    92
       Potion            |       |       |     1 |     2 |     4 |     3 |     5 |     5 |    20 ||    40
 Stab: Sleeping          |       |       |       |       |       |       |     3 |     5 |    15 ||    23
       Distracted        |       |       |       |       |       |       |     1 |     8 |    16 ||    25
       Confused          |       |       |       |       |       |       |       |    13 |     2 ||    15
Armor: Scale mail        |     5 |       |       |       |       |       |   277 |   311 |   584 ||  1177
       Chain mail        |    33 |    69 |   227 |   599 |   255 |       |       |       |       ||  1183
       Fire dragon scale |       |       |       |       |   330 |   271 |   137 |       |       ||   738
       Plate armour      |       |       |       |       |       |       |       |       |   298 ||   298
Dodge: Dodged            |    19 |    31 |   103 |   306 |   673 |   406 |   454 |   508 |  1281 ||  3781
Block: Kite shield       |    51 |    74 |   228 |   836 |  1551 |   706 |   785 |   595 |       ||  4826
       Tower shield      |       |       |       |       |       |       |       |    35 |  2841 ||  2876
       Reflection        |       |       |       |       |       |       |       |       |    20 ||    20
       Rpst.: Scimitar   |       |       |       |    19 |   101 |     2 |       |       |       ||   122

Vanquished Creatures
  2 dread liches
  Mennas (Vaults:4)
  2 ancient liches
  7 orbs of fire
  Mara (Vaults:2)
  4 Killer Klowns
  Geryon (Hell)
  A caustic shrike (Depths:3)
  9 golden dragons
  Nikola (Depths:2)
  3 electric golems
  20 tentacled monstrosities
  An Ice Fiend (Depths:5)
  25 Orb Guardians
  5 liches
  Asterion (Elf:2)
  6 quicksilver dragons
  Frances (D:12)
  4 krakens (Shoals:3)
  5 titans
  2 ancient champions (Hell)
  2 deep elf blademasters (Elf:3)
  7 sphinxes
  Polyphemus (Shoals:3)
  Kirke (Shoals:3)
  15 acid blobs
  12 death cobs
  2 deep elf master archers (Elf:3)
  8 tengu reavers
  Agnes (Snake:2)
  12 shadow dragons
  Donald (Shoals:3)
  10 storm dragons
  7 draconian monks
  2 warmongers (D:6)
  6 nagarajas (Snake:4)
  3 azure jellies
  8 rockslimes
  13 frost giants
  5 draconian knights
  5 deep elf sorcerers
  18 fire giants
  13 vault wardens
  The ghost of skAll the Fighter, a journeyman DsBe of Trog (Snake:2)
  An iron dragon (Depths:4)
  14 draconian shifters
  4 draconian scorchers
  A ghost moth (Zot:3)
  3 draconian stormcallers
  2 cacodemons
  Aizul (Snake:3)
  6 deep elf elementalists
  13 ironbound preservers
  A spriggan defender (Depths:5)
  5 draconian annihilators
  4 reapers
  17 stone giants
  3 war gargoyles
  4 quicksilver oozes
  Nessos (D:14)
  6 deep elf demonologists
  14 very ugly things
  13 black draconians
  6 green draconians
  10 vampire knights
  8 deep elf annihilators
  7 dire elephants
  13 spark wasps
  14 red draconians
  13 white draconians
  Snorg (Lair:3)
  11 yellow draconians
  An entropy weaver (Vaults:2)
  13 purple draconians
  An eidolon (Crypt:1)
  8 deep elf death magi
  11 merfolk javelineers
  Josephine (D:12)
  14 ettins
  11 merfolk impalers
  8 fire dragons
  2 blizzard demons (Hell)
  13 yaktaur captains
  9 ice dragons
  Harold (Lair:1)
  9 deep elf high priests
  29 vault guards
  17 naga warriors
  A kraken zombie (Hell)
  6 boulder beetles
  8 ironbound thunderhulks
  7 great orbs of eyes
  A salamander tyrant (Snake:4)
  4 hydras
  5 spriggan air magi
  A monstrous demonspawn (Zot:1)
  13 anacondas
  Erolcha (Orc:1)
  2 ironbound frosthearts
  2 ogre magi
  5 centaur warriors
  8 merfolk aquamancers
  2 merfolk avatars
  2 death knights
  Erica (D:11)
  2 catoblepae
  An alligator snapping turtle (Shoals:4)
  10 deep troll earth magi
  12 two-headed ogres
  9 tengu warriors
  10 deep troll shamans
  2 vampire magi
  2 satyrs
  6 death yaks
  5 orc high priests
  29 dancing weapons
  8 ironbound beastmasters
  19 hell knights
  7 hell hogs
  9 naga sharpshooters
  8 spriggan berserkers
  A spriggan (Depths:5)
  5 sun demons
  16 deep elf knights
  A fire crab (Lair:6)
  10 shock serpents
  5 soul eaters
  4 salamander mystics
  2 iron golems
  3 sixfirhies
  2 shadow wraiths (D:15)
  31 deep trolls
  7 skeletal warriors
  A gelid demonspawn (Zot:1)
  6 sea snakes
  A titan skeleton (Depths:3)
  8 iron trolls
  An anaconda zombie (Hell)
  7 naga ritualists
  2 obsidian statues
  A flayed ghost (Depths:4)
  8 phantasmal warriors
  9 deep elf archers
  2 infernal demonspawn
  13 lindwurms
  A golden dragon skeleton (Hell)
  36 ugly things
  A shadow dragon zombie (Depths:3)
  42 deep elf zephyrmancers
  14 ironbound convokers
  15 wizards
  A shadow dragon skeleton (Vaults:4)
  A tengu skeleton (Vaults:2)
  10 mana vipers
  37 deep elf pyromancers
  10 harpies
  13 necromancers
  A fire giant zombie (Depths:3)
  3 shining eyes
  A faun (Shoals:2)
  A faun (shapeshifter) (D:15)
  5 orc sorcerers
  7 cyclopes
  14 orc knights
  3 oklob plants (Lair:4)
  17 salamanders
  12 manticores
  31 moths of wrath
  8 merfolk sirens
  39 black mambas
  7 rust devils
  11 elephants
  23 vault sentinels
  A fire giant skeleton (Crypt:1)
  4 water nymphs
  12 molten gargoyles
  Maurice (D:11)
  An ice statue (Hell)
  10 naga magi
  8 guardian serpents
  7 cane toads
  Maggie (D:7)
  2 gargoyles
  A storm dragon simulacrum (Hell)
  3 smoke demons
  A spriggan skeleton (Depths:3)
  An unseen horror (D:9)
  A kobold demonologist (D:12)
  5 freezing wraiths
  2 hellions
  2 orange demons (Hell)
  2 rime drakes
  2 sea snake zombies (Hell)
  An anaconda simulacrum (Hell)
  5 ice devils
  2 efreet
  A tengu conjurer (Depths:1)
  14 komodo dragons
  28 yaktaurs
  A golden dragon simulacrum (Depths:3)
  10 trolls
  2 red devils
  4 meliai (Depths:3)
  A queen bee (Lair:3)
  A sea snake skeleton (Hell)
  33 merfolk
  3 wind drakes
  12 polar bears
  An ettin zombie (Vaults:1)
  Grinder (D:6)
  2 hornets
  An ice dragon zombie (Hell)
  A human (Shoals:3)
  58 slime creatures
  4 blink frogs (Lair:2)
  A stone giant simulacrum (Vaults:1)
  14 dream sheep
  A fire giant simulacrum (Hell)
  14 snapping turtles
  A tarantella (shapeshifter) (D:15)
  29 water elementals
  2 nameless horrors
  2 centaur simulacra
  4 vampires
  3 redbacks (Vaults:2)
  4 air elementals
  A yak (shapeshifter) (D:13)
  40 yaks
  7 wraiths
  A hog (Shoals:3)
  7 wyverns (Lair:6)
  6 basilisks
  7 fire elementals
  6 golden eyes
  2 steam dragons (Lair:6)
  A sea snake simulacrum (Hell)
  20 vampire mosquitoes
  A yaktaur simulacrum (Vaults:2)
  3 wargs
  Edmund (D:5)
  27 nagas
  A warg (shapeshifter) (D:13)
  Duvessa (D:6)
  2 acid dragons
  A cane toad zombie (Hell)
  15 water moccasins
  8 hell hounds
  33 orc warriors
  4 black bears
  3 hornet zombies
  2 ice beasts (D:6)
  2 necrophages
  A fire dragon simulacrum (Hell)
  24 centaurs
  A swamp dragon skeleton (Hell)
  6 ogres
  28 wolves
  A boggart (Vaults:1)
  A hog skeleton (Crypt:1)
  2 human skeletons (Vaults:2)
  3 kobold brigands
  A phantom (D:6)
  Blork the orc (D:5)
  A scorpion (D:6)
  2 earth elementals
  7 bullfrogs
  Dowan (D:6)
  A wyvern zombie (D:6)
  2 wyvern skeletons (D:6)
  24 killer bees
  17 wights
  4 howler monkeys
  12 lava snakes
  3 bullfrog zombies
  6 centaur zombies
  16 jellies
  12 orc priests
  3 bullfrog skeletons (D:6)
  3 hounds
  A centaur skeleton (D:5)
  2 gnoll shamans (D:8)
  5 iguanas
  26 orc wizards
  Robin (D:2)
  9 gnolls
  A howler monkey skeleton (D:6)
  A howler monkey zombie (D:6)
  7 adders
  An ogre simulacrum (Hell)
  3 shadow imps
  2 white imps
  An adder skeleton (D:4)
  3 worms
  3 dart slugs
  75 orcs
  5 endoplasms
  A giant cockroach (D:4)
  14 goblins
  7 hobgoblins
  4 jackals
  6 quokkas
  9 ball pythons
  13 bats
  4 frilled lizards
  A jackal zombie (Crypt:1)
  20 kobolds
  A quokka skeleton (D:4)
  4 rats
  8 tentacles
2268 creatures vanquished.

Vanquished Creatures (collateral kills)
  An ancient lich (Vaults:5)
  An orb of fire (Zot:2)
  Sojobo (Depths:1)
  Vashnia (Snake:2)
  A golden dragon (Vaults:4)
  Jorgrun (D:15)
  3 Orb Guardians (Zot:5)
  A quicksilver dragon (Zot:3)
  A titan (Vaults:4)
  The ghost of Ethuom the Eclecticist, an adept DjFE of Makhleb (Snake:1)
  A storm dragon (Vaults:5)
  A shadow dragon (Zot:5)
  A tengu reaver (Vaults:5)
  2 nagarajas (Snake:4)
  4 rockslimes
  Ilsuiw (Shoals:3)
  Louise (Shoals:3)
  A ghost moth (Zot:2)
  A frost giant (Vaults:4)
  A draconian scorcher (Zot:5)
  2 orc warlords
  A vault warden (Vaults:5)
  A deep elf elementalist (Elf:3)
  An ironbound preserver (Vaults:1)
  A war gargoyle (Vaults:5)
  2 quicksilver oozes (Slime:5)
  A vampire knight (Depths:3)
  A stone giant (Vaults:5)
  2 yellow draconians (Zot:5)
  A spark wasp (Depths:2)
  A red draconian (Zot:5)
  3 dire elephants (Vaults:1)
  A merfolk javelineer (Shoals:4)
  An ettin (Depths:1)
  2 fire dragons (Depths:1)
  3 yaktaur captains
  2 ice dragons
  A spriggan air mage (Depths:3)
  An ogre mage (Vaults:4)
  A naga warrior (Snake:4)
  An anaconda (Snake:4)
  A satyr (D:15)
  A deep troll earth mage (Depths:2)
  2 ironbound beastmasters (Vaults:1)
  3 naga sharpshooters (Snake:4)
  A shock serpent (Snake:4)
  Urug (Lair:6)
  2 deep elf knights (Elf:3)
  A soul eater (Depths:2)
  2 sea snakes
  4 deep trolls
  2 deep elf archers (Elf:1)
  A lindwurm (Vaults:1)
  3 deep elf pyromancers
  A manticore (Shoals:2)
  2 deep elf zephyrmancers
  3 slime creatures (Slime:5)
  A moth of wrath (Zot:4)
  A cyclops (Shoals:3)
  An eye of devastation (Slime:5)
  2 water nymphs
  A komodo dragon (Lair:5)
  3 merfolk (Shoals:2)
  A snapping turtle (Shoals:2)
  4 dream sheep
  2 water elementals (Shoals:2)
  2 nagas
  A human skeleton (Vaults:1)
105 creatures vanquished.

Vanquished Creatures (others)
  2 tentacled monstrosities
  A lich (Depths:2)
  2 acid blobs
  An azure jelly (Depths:3)
  A storm dragon (shapeshifter) (Vaults:5)
  A draconian knight (Depths:5)
  A ghost moth (Zot:3)
  A deep elf demonologist (Vaults:5)
  A purple draconian (Zot:5)
  11 great orbs of eyes
  A spriggan air mage (Depths:3)
  A merfolk aquamancer (Shoals:2)
  An ironbound beastmaster (Vaults:3)
  A hell hog (Depths:5)
  3 glowing orange brains
  A soul eater (Depths:5)
  A deep troll (Vaults:3)
  A swamp dragon (shapeshifter) (Depths:3)
  A glowing orange brain (shapeshifter) (Zot:3)
  3 ironbound convokers (Vaults:3)
  2 wizards
  A deep elf pyromancer (Elf:3)
  A necromancer (Vaults:4)
  A human zombie (Vaults:4)
  A moth of wrath (Zot:2)
  A merfolk siren (Shoals:3)
  3 vault sentinels (Vaults:3)
  An elephant (shapeshifter) (D:15)
  A yaktaur (Vaults:4)
  20 slime creatures
  A dream sheep (shapeshifter) (Depths:3)
  A redback (shapeshifter) (Vaults:1)
  A water elemental (Elf:3)
  2 humans (Shoals:3)
  A fire elemental (Elf:2)
  A naga (Snake:4)
  An orc warrior (Elf:1)
  2 boggarts (Vaults:1)
  A wolf (IceCv)
  A human skeleton (Vaults:4)
  276 jellies
  An orc priest (Orc:1)
  30 fungi
  A lurking horror (Zot:3)
  277 plants
  A starspawn tentacle (Zot:3)
  41 tentacles
  4 withered plants (D:6)
711 creatures vanquished.

Grand Total: 3084 creatures vanquished
